 Dungeon Crawl Stone Soup version 0.31.0-32-g396128a36d (webtiles) character file.

Game seed: 5589195049855284561

12140 Gabide the Destroyer (level 11, -2/83 HPs)
             Began as a Demonspawn Conjurer on Apr 8, 2024.
             Was a Priest of Vehumet.
             Slain by a blink frog (14 damage)
             ... on level 1 of the Lair of Beasts on Apr 9, 2024.
             The game lasted 00:29:02 (14715 turns).

Gabide the Destroyer (Demonspawn Conjurer)         Turns: 14715, Time: 00:29:03

Health: -2/83      AC: 10    Str: 11    XL:     11   Next: 58%
Magic:  1/33       EV: 18    Int: 24    God:    Vehumet [***...]
Gold:   557        SH:  4    Dex: 11    Spells: 17/29 levels left

rFire   + . .        b - +2 war axe of the Enemy {flame, rCorr SInv}
rCold   + . .        (no shield)
rNeg    . . .        B - +2 robe {rC+ rF+}
rPois   .            (no helmet)
rElec   .            u - +2 cloak
rCorr   +            n - +0 pair of gloves
SInv    +            h - +0 pair of boots
Will    .....        f - amulet of faith
Stlth   ++           m - ring of flight
HPRegen 0.33/turn    y - ring of magical power
MPRegen 0.23/turn

%: faith
@: agile, flying
A: powered by pain 2, big brain 1, condensation shield, demonic touch 2, hooves
1, shaggy fur 1, strong 1
a: Renounce Religion


You were on level 1 of the Lair of Beasts.
You worshipped Vehumet.
Vehumet was most pleased with you.
You visited 3 branches of the dungeon, and saw 13 of its levels.

You collected 557 gold pieces.

Inventory:

Hand Weapons
 a - a +1 short sword
 b - the +2 war axe of the Enemy (weapon) {flame, rCorr SInv}
   (You found it on level 5 of the Dungeon)

   SInv:      It lets you see invisible.
   rCorr:     It protects you from acid and corrosion.
Missiles
 s - 5 throwing nets
 D - a curare-tipped dart
Armour
 h - a +0 pair of boots (worn)
 n - a +0 pair of gloves (worn)
 u - a +2 cloak (worn)
 B - a +2 robe of resistance (worn)
Jewellery
 f - an amulet of faith (around neck)
 g - a ring of ice
 l - a ring of see invisible
 m - a ring of flight (left hand)
 y - a ring of magical power (right hand)
Wands
 p - a wand of iceblast (16)
 r - a wand of digging (10)
 F - a wand of polymorph (8)
Scrolls
 i - a scroll of revelation
 j - 3 scrolls of immolation
 o - 2 scrolls of fog
 v - a scroll of fear
 w - a scroll of torment
 x - 3 scrolls of teleportation
 z - a scroll of summoning {unknown}
Potions
 c - 2 potions of might
 d - a potion of resistance
 e - a potion of haste
 k - a potion of invisibility
 q - a potion of magic
 t - 2 potions of curing
 A - a potion of attraction
 C - 2 potions of ambrosia
 E - a potion of mutation
 G - a potion of heal wounds {unknown}


   Skills:
 + Level 6.5 Fighting
 + Level 3.7 Dodging
 - Level 3.0 Stealth
 * Level 9.5 Spellcasting
 * Level 9.7 Conjurations
 * Level 9.5 Air Magic


You had 17 spell levels left.
You knew the following spells:

 Your Spells              Type           Power      Damage    Failure   Level
a - Magic Dart            Conj           100%       1d8       1%          1
b - Static Discharge      Conj/Air       100%       3-8/arc   1%          2
c - Cigotuvi's Dreadful   Necr/Alch/Air  52%        N/A       2%          2
d - Airstrike             Air            27%        2d(4-20)  1%          4
e - Stone Arrow           Conj/Erth      68%        3d11      1%          3

Your spell library contained the following spells:

 Spells                   Type           Power      Damage    Failure   Level
 Searing Ray              Conj           100%       2d8       1%          2
 Fulminant Prism          Conj/Alch      17%        3d11      2%          4
 Iskenderun's Mystic Bla  Conj/Tloc      34%        2d8       2%          4
 Inner Flame              Hex/Fire       11%        N/A       4%          3
 Summon Lightning Spire   Summ/Air       34%        N/A       8%          4
 Ensorcelled Hibernation  Hex/Ice        22%        N/A       9%          2
 Ignite Poison            Fire/Alch      11%        N/A       16%         4
 Confusing Touch          Hex            11%        N/A       17%         3
 Fugue of the Fallen      Necr           11%        N/A       17%         3
 Summon Ice Beast         Ice/Summ       11%        N/A       17%         3
 Silence                  Hex/Air        17%        N/A       22%         5
 Lee's Rapid Deconstruct  Erth           5%         3d6*      36%         5
 Anguish                  Hex/Necr       5%         N/A       50%         4
 Animate Armour           Summ/Erth      22%        N/A       50%         4
 Animate Dead             Necr           11%        N/A       50%         4
 Dispel Undead            Necr           11%        3d9       50%         4
 Martyr's Knell           Necr/Summ      11%        N/A       50%         4
 Passage of Golubria      Tloc           11%        N/A       50%         4
 Borgnjor's Vile Clutch   Necr/Erth      5%         N/A       83%         5
 Summon Mana Viper        Hex/Summ       11%        N/A       83%         5
 Death Channel            Necr           5%         N/A       100%        6
 Monstrous Menagerie      Summ           5%         N/A       100%        7
 Lehudib's Crystal Spear  Conj/Erth      17%        10d5      100%        8


Dungeon Overview and Level Annotations

Branches:
Dungeon (11/15)            Temple (1/1) D:7            Lair (1/5) D:9
    Orc: D:9-12

Altars:
Ashenzari
Cheibriados
Dithmenos
Fedhas
Gozag
Hepliaklqana
Kikubaaqudgha
Makhleb
Nemelex Xobeh
Okawaru
Qazlal
Ru
Sif Muna
Trog
Uskayaw
Vehumet
Wu Jian
Xom
Yredelemnul

Shops:
D:7 [   D:8 *((   D:9 ?

Annotations:
D:11 1 runed translucent door


Innate Abilities, Weirdness & Mutations

You sometimes gain power by taking damage.
You have an unusually large brain. (Int +2)
A meltable shield of frost defends you. (SH +4)
Your touch may inflict irresistible damage on your foes.
You have large cloven feet.
You are covered in fur. (AC +1)
Your muscles are strong. (Str +4, Int/Dex -1)


Message History

Aim: a blink frog (54% to hit)
The stone arrow misses the blink frog.
The stone arrow hits the blink frog!
The blink frog is almost dead.
The blink frog hits you but does no damage.
Aiming: Stone Arrow (safe; 1% risk of failure)
Press: ? - help, Q - select action, (/) - cycle Shift-Dir - straight line, f/p - blink frog
Aim: a blink frog (54% to hit)
The stone arrow misses the blink frog.
The stone arrow hits the blink frog!!
You kill the blink frog!
Vehumet accepts your kill.
You feel your power returning. The blink frog closely misses you.
The blink frog blinks!
Aiming: Stone Arrow (safe; 1% risk of failure)
Press: ? - help, Q - select action, (/) - cycle Shift-Dir - straight line, f - you, p - blink frog
Okay, then.
A blink frog is nearby!
You are too injured to fight recklessly!
You are too injured to fight recklessly!
Aiming: Stone Arrow (safe; 1% risk of failure)
Press: ? - help, Q - select action, (/) - cycle Shift-Dir - straight line, f - blink frog
Aim: a blink frog (54% to hit)
The stone arrow misses the blink frog.
The blink frog croaks.
The blink frog blinks!
Aiming: Stone Arrow (safe; 1% risk of failure)
Press: ? - help, Q - select action, (/) - cycle Shift-Dir - straight line, f - blink frog, p - blink frog
Aim: a blink frog (almost dead, 54% to hit)
The stone arrow hits the blink frog!
You kill the blink frog!
Vehumet accepts your kill.
You are too injured to fight recklessly!
You closely miss the blink frog. Your touch misses the blink frog.
The blink frog hits you!
* * * LOW HITPOINT WARNING * * *
The blink frog blinks!
The blink frog closely misses you.
You barely miss the blink frog. Your punch misses the blink frog.
The blink frog hits you!
* * * LOW HITPOINT WARNING * * *
You block the blink frog's attack. The blink frog hits you!
You die...

#..###..
#####~#~.~##.# ..#
#.P### #P......#.#
..#
#..#P#####.......#
F.#
#................##
#†.
#......#.#.....#..#
#†#
#.....##.#....#####
#.# #.....#P.###.##
##.###.F..†.......#
#...###@#.#..##.###
##.......########
####P.### ####


You could see a blink frog.

Vanquished Creatures
  A centaur warrior (D:11)
  A two-headed ogre (D:9)
  An elephant (D:9)
  A cane toad (Lair:1)
  A troll (D:10)
  4 blink frogs (Lair:1)
  21 yaks
  2 basilisks (D:9)
  A steam dragon (D:7)
  Grum (Lair:1)
  2 acid dragons (D:9)
  6 water moccasins
  2 orc warriors
  A black bear (D:6)
  2 sky beasts
  An ice beast (D:7)
  3 wolves
  3 centaurs
  A phantom (D:6)
  8 bullfrogs
  4 kobold brigands
  3 gnoll sergeants
  2 scorpions
  19 wights
  7 killer bees
  4 howler monkeys
  3 bombardier beetles (D:5)
  3 jellies
  6 hounds
  An orc priest (D:5)
  5 iguanas
  4 sleepcaps
  Jessica (D:2)
  5 orc wizards
  17 gnolls
  15 adders
  A shadow imp (D:7)
  A white imp (D:7)
  3 ribbon worms
  3 dart slugs
  28 orcs
  5 endoplasms
  4 giant cockroaches
  8 goblins
  9 hobgoblins
  9 jackals
  4 quokkas
  7 ball pythons
  4 bats
  6 frilled lizards
  33 kobolds
  6 rats
293 creatures vanquished.

Vanquished Creatures (others)
  A vampire mosquito (D:11)
1 creature vanquished.

Grand Total: 294 creatures vanquished

Notes
Turn   | Place    | Note
-------+----------+-------------------------------------------
     0 | D:1      | Gabide the Demonspawn Conjurer began the quest for the Orb.
     0 | D:1      | Reached XP level 1. HP: 13/13 MP: 3/3
   196 | D:1      | Gained mutation: You have an unusually large brain. (Int
                  | +2) [demonic ancestry]
   196 | D:1      | Reached XP level 2. HP: 18/20 MP: 0/5
   324 | D:1      | Got the Verses on the Vexing Pyromaniac
   784 | D:1      | Gained mutation: You sometimes gain a little power by
                  | taking damage. [demonic ancestry]
   784 | D:1      | Reached XP level 3. HP: 25/25 MP: 4/6
  1753 | D:2      | Reached skill level 1 in Fighting
  1917 | D:2      | Learned a level 2 spell: Static Discharge
  1924 | D:2      | Noticed Jessica
  1928 | D:2      | Killed Jessica
  1929 | D:2      | Reached XP level 4. HP: 32/32 MP: 3/8
  2999 | D:3      | Reached skill level 1 in Air Magic
  2999 | D:3      | Gained mutation: Your touch may inflict minor irresistible
                  | damage on your foes. [demonic ancestry]
  2999 | D:3      | Reached XP level 5. HP: 37/37 MP: 7/9
  3907 | D:4      | Reached skill level 5 in Conjurations
  3907 | D:4      | Gained mutation: You sometimes gain power by taking damage.
                  | [demonic ancestry]
  3907 | D:4      | Reached XP level 6. HP: 44/44 MP: 5/11
  4206 | D:4      | Found a shimmering altar of Xom.
  4505 | D:4      | Found a sparkling altar of Nemelex Xobeh.
  4851 | D:5      | Entered Level 5 of the Dungeon
  4858 | D:5      | Identified the +2 war axe of the Enemy {flame, rCorr SInv}
  4914 | D:5      | Gained mutation: Your touch may inflict irresistible damage
                  | on your foes. [demonic ancestry]
  4914 | D:5      | Reached XP level 7. HP: 38/50 MP: 3/12
  5798 | D:5      | Gained mutation: A meltable shield of frost defends you.
                  | (SH +4) [demonic ancestry]
  5798 | D:5      | Reached XP level 8. HP: 55/58 MP: 8/15
  5817 | D:5      | Learned a level 2 spell: Cigotuvi's Dreadful Rot
  6046 | D:5      | Reached skill level 5 in Spellcasting
  6425 | D:5      | Gained mutation: You have hidden genetic potential. [potion
                  | of mutation]
  6425 | D:5      | Gained mutation: You have large cloven feet. [potion of
                  | mutation]
  7298 | D:6      | Reached skill level 5 in Air Magic
  7759 | D:6      | Found a snail-covered altar of Cheibriados.
  7927 | D:7      | Found a hide-covered altar of Uskayaw.
  8077 | D:7      | Reached XP level 9. HP: 63/64 MP: 13/18
  8154 | D:7      | Gained mutation: Your muscles are strong. (Str +4, Int/Dex
                  | -1) [hidden potential]
  8649 | D:7      | Found Vishabakagh's Dragon-Slaying Spoils.
  9058 | D:7      | Found a staircase to the Ecumenical Temple.
  9294 | Temple   | Entered the Ecumenical Temple
  9322 | Temple   | Became a worshipper of Vehumet
  9392 | D:8      | Found Vuzad Zue's Antique Weapon Boutique.
  9392 | D:8      | Found Muh Ufis's Weapon Boutique.
  9392 | D:8      | Found Xusid's General Store.
  9900 | D:8      | Learned a level 4 spell: Airstrike
 10259 | D:8      | Found a stormy altar of Qazlal.
 10538 | D:9      | Reached XP level 10. HP: 73/73 MP: 17/21
 10606 | D:9      | Reached * piety under Vehumet
 10606 | D:9      | Offered knowledge of Freeze by Vehumet.
 10620 | D:8      | Gained mutation: You are covered in fur. (AC +1) [hidden
                  | potential]
 10620 | D:8      | Lost mutation: You have hidden genetic potential. [hidden
                  | potential expressed]
 11345 | D:9      | Reached skill level 5 in Fighting
 11587 | D:9      | Noticed an elephant
 11596 | D:9      | Killed an elephant
 11745 | D:9      | Found a staircase to the Lair.
 12066 | D:9      | Noticed a two-headed ogre
 12230 | D:9      | Killed a two-headed ogre
 12453 | D:9      | Found Pisecvod's Magic Scroll Shop.
 12498 | D:9      | Found a bloodstained altar of Trog.
 12662 | D:10     | Entered Level 10 of the Dungeon
 12764 | D:10     | Reached XP level 11. HP: 81/81 MP: 23/23
 12939 | D:10     | Offered knowledge of Mercury Vapours by Vehumet.
 12941 | D:10     | Reached ** piety under Vehumet
 13461 | D:10     | Found a hazy altar of Hepliaklqana.
 13523 | D:10     | Offered knowledge of Stone Arrow by Vehumet.
 13736 | D:10     | Found a shimmering blue altar of Sif Muna.
 13822 | D:10     | Learned a level 3 spell: Stone Arrow
 14058 | D:11     | Noticed a cyan ugly thing
 14066 | D:11     | Noticed a centaur warrior
 14086 | D:11     | Killed a centaur warrior
 14093 | D:11     | Found a runed translucent door.
 14333 | Lair:1   | Entered Level 1 of the Lair of Beasts
 14333 | Lair:1   | Noticed Grum
 14337 | Lair:1   | Killed Grum
 14542 | Lair:1   | Reached *** piety under Vehumet
 14715 | Lair:1   | Slain by a blink frog

Illustrated notes

Levels and vault maps discovered:
D:1:      dpeg_arrival_water_temple_mockup, layout_loops_ring
D:2:      layout_basic, kennysheep_boxes, uniq_jessica
D:3:      layout_rooms, minmay_fractal_squares_diagonal_5
D:4:      layout_loops_ring, lemuel_doored_altar, mainiacjoe_overflow_boulevard,
          nicolae_zig_zag_zippers
D:5:      layout_rooms, st_stairs_12, grunt_ministairs_4,
          kennysheep_small_square
D:6:      layout_loops_cross, general_overflow_altar, chequers_jeans
D:7:      layout_cave_pools, nicolae_uskayaw_dance_hall,
          minmay_temple_entry_nine_rooms, enter_bailey_4,
          nicolae_shop_dragon_depot
D:8:      layout_gridville, lemuel_round_altar,
          mainiacjoe_overflow_six_doors_small,
          nicolae_shop_distant_corner_stores
D:9:      layout_rooms, lightli_temple_of_fire, david_lair_generic,
          serial_shops, shop
D:10:     layout_long_grid, nicolae_sif_muna_condensation,
          mainiacjoe_overflow_brackets, small_statue_alley_a
D:11:     minmay_the_grid_triangle_9x9_rhombus_full_mashed
          [minmay_the_grid_triangle_9x9_from_above,
          minmay_the_grid_triangle_9x9_checkered,
          minmay_the_grid_triangle_9x9_limited_checkers,
          minmay_the_grid_triangle_9x9_fully_insulated_deathbox,
          minmay_the_grid_triangle_9x9_warning,
          minmay_the_grid_triangle_9x9_dagger,
          minmay_the_grid_triangle_9x9_minimal,
          minmay_the_grid_triangle_9x9_prize_schism], layout_layer_cave,
          orc_0_dummy, serial_bayou_pond_d, solitary_fountain
Temple:   oiseaux_autumnal_temple
Lair:1:   layout_loops_ring, chequers_serial_rivers_marsh,
          infiniplex_staircase_pool, uniq_fannar, uniq_grum

Skill      XL: |  1  2  3  4  5  6  7  8  9 10 11 |
---------------+----------------------------------+-----
Dodging        | 2 3 |  3.7
Stealth        | 2 3 |  3.0
Fighting       | 1 2 3 4 5 6 |  6.5
Air Magic      | 1 2 3 6 7 8 9 |  9.5
Spellcasting   | 3 4 6 7 8 9 |  9.5
Conjurations   | 5 6 7 9 |  9.7

Action                     |  1- 3 |  4- 6 |  7- 9 | 10-12 || total
---------------------------+-------+-------+-------+-------++-------
  Melee: Unarmed           |    20 |       |       |       ||    20
         Short sword       |     4 |    10 |       |       ||    14
         Touch             |       |     1 |     1 |     7 ||     9
         War axe           |       |       |     8 |    28 ||    36
  Throw: Throwing net      |       |       |     2 |       ||     2
   Cast: Magic Dart        |    95 |   138 |   218 |       ||   451
         Static Discharge  |       |    12 |    91 |    45 ||   148
         Airstrike         |       |       |    13 |    96 ||   109
         Cigotuvi's Dreadf |       |       |       |     2 ||     2
         Stone Arrow       |       |       |       |    20 ||    20
    Use: Scroll            |     5 |     2 |     8 |     4 ||    19
         Potion            |       |       |     4 |     1 ||     5
 Armour: Robe              |    21 |    34 |   194 |   137 ||   386
  Dodge: Dodged            |    30 |    26 |    65 |    54 ||   175
  Block: Other             |       |       |     7 |    20 ||    27
